 Dungeon Crawl Stone Soup version 0.20.1-4-g4af34eaf8e (webtiles) character file.

278 Alfie the Shooter (level 6, -3/51 HPs)
             Began as a Minotaur Hunter on Mar 3, 2020.
             Killed from afar by an orc wizard (9 damage)
             ... with a magic dart
             ... on level 5 of the Dungeon.
             The game lasted 00:07:47 (1932 turns).

Alfie the Shooter (Minotaur Hunter)                 Turns: 1932, Time: 00:07:48

Health: -3/51      AC:  5    Str: 19    XL:     6   Next: 5%
Magic:  5/5        EV: 18    Int:  8    God:
Gold:   128        SH:  0    Dex: 15    Spells: 5/5 levels left

rFire    + . .     SeeInvis .   b - +0 short sword
rCold    . . .     Gourm    .   (no shield)
rNeg     . . .     Faith    .   c - +1 leather armour
rPois    .         Spirit   .   i - +1 hat
rElec    .         Reflect  .   (no cloak)
rCorr    .         Harm     .   (no gloves)
MR       .....                  (no boots)
Stlth    ++........             (no amulet)
Regen    0.2/turn               p - ring of protection from fire
MPRegen  0.1/turn               (no ring)

@: agile, flying
A: retaliatory headbutt, horns 2
a: no special abilities


You were on level 5 of the Dungeon.
You were not hungry.

You visited 1 branch of the dungeon, and saw 5 of its levels.

You collected 128 gold pieces.

Inventory:

Hand Weapons
 a - a +1 shortbow
 b - a +0 short sword (weapon)
Missiles
 d - an arrow
Armour
 c - a +1 leather armour (worn)
 i - a +1 hat (worn)
Jewellery
 n - an uncursed ring of resist corrosion
 p - a ring of protection from fire (left hand)
Scrolls
 o - a scroll of recharging {unknown}
Potions
 e - a potion of mutation {unknown}
 g - 2 potions of curing
 j - a potion of heal wounds {unknown}
 l - a potion of flight
 m - a potion of agility
Comestibles
 f - 2 bread rations
 h - 6 fruits
 k - a meat ration


   Skills:
 + Level 3.6 Fighting
 + Level 0.9 Short Blades
 + Level 7.0 Bows
 + Level 2.0 Armour
 + Level 2.5 Dodging
 + Level 0.8 Stealth


You had 5 spell levels left.
You didn't know any spells.

Dungeon Overview and Level Annotations

Branches:
Dungeon (5/15)
 Temple: D:4-7

Altars:

Annotations:
D:3 Alfie's ghost, amateur MiHu
D:4 Alfie's ghost, amateur MiHu


Innate Abilities, Weirdness & Mutations

You reflexively headbutt those who attack you in melee.
You have a pair of horns on your head.


Message History

You barely miss the orc wizard.
The orc wizard is moderately wounded.
The orc wizard barely misses you. You furiously retaliate!
You headbutt the orc wizard, but do no damage.
You closely miss the orc wizard. You headbutt the orc wizard.
The orc wizard is moderately wounded.
The orc wizard barely misses you.
It was a potion of flight.
You feel very buoyant.
You fly up into the air.
The orc wizard points at you and mumbles some strange words.
The magic dart hits you!
* * * LOW HITPOINT WARNING * * *
It was a potion of agility.
You feel agile all of a sudden. The orc wizard completely misses you.
It was a potion of curing.
You feel better.
The orc wizard gestures at you while chanting.
The magic dart hits you!
You die...

.. #.# #.# . #+#####.#
... #@##.##.#
.....###o##....#### #+#
...O...(........#.###.###
........(.....o..........
.#.#.#######.#...........
.( #.#..#.####... ..(
...........#... ..
##.......#.#... .
####...##.#.##


You could see an orc wizard.

Vanquished Creatures
  A centaur zombie (D:4)
  An orc wizard (D:3)
  A bullfrog skeleton (D:5)
  An orc priest (D:3)
  2 worker ants
  4 adders
  2 oozes
  6 leopard geckos
  6 orcs
  4 goblins
  9 hobgoblins
  6 jackals
  3 kobolds
  A quokka (D:2)
  A ball python (D:1)
  5 bats
  2 frilled lizards
  3 rats
58 creatures vanquished.

Notes
Turn   | Place    | Note
-------+----------+-------------------------------------------
     0 | D:1      | Alfie the Minotaur Hunter began the quest for the Orb.
     0 | D:1      | Reached XP level 1. HP: 18/18 MP: 0/0
   177 | D:1      | Reached XP level 2. HP: 25/25 MP: 1/1
   292 | D:1      | Reached skill level 5 in Bows
   685 | D:2      | Reached XP level 3. HP: 30/30 MP: 2/2
  1391 | D:2      | Found a faded altar of an unknown god.
  1478 | D:3      | Noticed Alfie's ghost (amateur MiHu)
  1555 | D:3      | Reached skill level 6 in Bows
  1555 | D:3      | Reached skill level 1 in Armour
  1555 | D:3      | Reached XP level 4. HP: 30/37 MP: 3/3
  1590 | D:3      | Reached XP level 5. HP: 34/45 MP: 4/4
  1818 | D:4      | Noticed Alfie's ghost (amateur MiHu)
  1837 | D:5      | Entered Level 5 of the Dungeon
  1916 | D:5      | Reached skill level 7 in Bows
  1916 | D:5      | Reached XP level 6. HP: 23/51 MP: 5/5
  1930 | D:5      | HP: 1/51 [orc wizard/magic dart (11)]
  1932 | D:5      | Killed from afar by an orc wizard

Skill      XL: |  1  2  3  4  5 |
---------------+----------------+-----
Bows           | 5 6 7 |  7.0
Armour         | 1 2 |  2.0
Fighting       | 3 |  3.6
Short Blades   | |  0.9
Dodging        | |  2.5
Stealth        | |  0.8

Action                   |  1- 3 |  4- 6 || total
-------------------------+-------+-------++-------
Melee: Short sword       |    20 |    19 ||    39
       Headbutt          |     4 |     5 ||     9
 Fire: Shortbow          |    74 |    43 ||   117
  Use: Scroll            |     4 |     3 ||     7
       Potion            |       |     3 ||     3
  Eat: Fruit             |     2 |     1 ||     3
Armor: Leather armour    |    13 |    10 ||    23
Dodge: Dodged            |    26 |    16 ||    42
